 Dungeon Sprint DCSS version 0.29.1-12-g30fa7ad0bf (webtiles) character file.

Game seed: 1291912234149551600

84 Groucho the Ducker (level 4, 0/21 HPs)
             Began as a Spriggan Earth Elementalist on Jan 8, 2023.
             Slain by an ufetubus (4 damage)
             ... summoned by a kobold demonologist
             ... in the Dungeon (Sprint III: "The Ten Rune Challenge").
             The game lasted 00:03:13 (746 turns).

Groucho the Ducker (Spriggan Earth Elementalist)     Turns: 746, Time: 00:03:14

Health: 0/21       AC:  2    Str:  4    XL:     4   Next: 24%
Magic:  3/11       EV: 19    Int: 18    God:
Gold:   12         SH:  0    Dex: 15    Spells: 4/12 levels left

rFire   . . .      SeeInvis +   (weapon restricted)
rCold   . . .      Faith    .   (no shield)
rNeg    . . .      Spirit   .   a - +0 robe
rPois   .          Reflect  .   (helmet restricted)
rElec   .          Harm     .   (no cloak)
rCorr   .          Rampage  .   (gloves unavailable)
Will    .....      NoTele   +   (boots unavailable)
Stlth   ++........              (no amulet)
HPRegen 0.07/turn               (no ring)
MPRegen 0.12/turn               (no ring)

@: very quick
A: very small, no large weapons, unfitting armour, see invisible, speed 3
a: no special abilities


You were in the Dungeon.
You visited 1 branch You collected 12 gold pieces.

Inventory:

Missiles
 h - 5 stones
Armour
 a - a +0 robe (worn)
Scrolls
 g - a scroll of blinking
 i - a scroll of magic mapping {unknown}
 k - a scroll of poison {unknown}
 l - 4 scrolls of identify
 o - a scroll of immolation {unknown}
Potions
 b - 3 potions of magic
 d - a potion of heal wounds
 e - a potion of haste
 f - a potion of berserk rage
 j - 2 potions of mutation {unknown}
 m - a potion of ambrosia {unknown}
 n - 3 potions of flight
 p - a potion of brilliance {unknown}


   Skills:
 + Level 5.1 Dodging
 - Level 3.0 Stealth
 + Level 4.8 Spellcasting
 * Level 3.4 Conjurations
 - Level 1.3 Transmutations
 * Level 5.1 Earth Magic


You had 4 spell levels left.
You knew the following spells:

 Your Spells              Type           Power      Damage    Failure   Level
a - Sandblast             Erth           46%        2d11      1%          1
b - Stone Arrow           Conj/Erth      38%        3d9       7%          3
c - Petrify               Tmut/Erth      16%        N/A       34%         4

Your spell library contained the following spells:

 Spells                   Type           Power      Damage    Failure   Level
 Passwall                 Tmut/Erth      13%        N/A       5%          2


Dungeon Overview and Level Annotations

Branches:
Dungeon (1/1)

Altars:
Sif Muna
Vehumet


Innate Abilities, Weirdness & Mutations

You are very small and have problems with some larger weapons.
You are too small for most types of armour.
You have supernaturally acute eyesight. (SInv)
You cover ground extremely quickly. (Speed+++)


Message History

Aim: a wizard, wielding a +0 dagger and wearing a +0 robe (severely wounded, 76% to hit)
The blast of sand misses the wizard.
A kobold demonologist comes into view. It is wielding a +0 dagger.
The wizard points at you and mumbles some strange words.
You easily resist.
The kobold demonologist mumbles some strange words.
Casting: Sandblast (safe; 1% risk of failure)
Confirm with . or Enter, or press ? or * to list all spells.
Aiming: Sandblast (safe; 1% risk of failure)
Press: ? - help, Shift-Dir - straight line, f/p - wizard
Aim: a wizard, wielding a +0 dagger and wearing a +0 robe (severely wounded, 76% to hit)
The blast of sand misses the wizard.
You are engulfed in a cloud of scalding steam.
* * * LOW HITPOINT WARNING * * *
Unknown command.
Unknown command.
Casting: Sandblast (safe; 1% risk of failure)
Confirm with . or Enter, or press ? or * to list all spells.
The spell is quite dangerous to miscast (7% risk of failure)!
Continue anyway?
Okay, then.
Casting: Stone Arrow (quite dangerous; 7% risk of failure)
Confirm with . or Enter, or press ? or * to list all spells.
Aiming: Sandblast (safe; 1% risk of failure)
Press: ? - help, Shift-Dir - straight line, f/p - wizard
Aim: a wizard, wielding a +0 dagger and wearing a +0 robe (severely wounded, 76% to hit)
The blast of sand hits the wizard.
The wizard is almost dead.
The wizard completely misses you.
The iron imp summons a swarm of flies.
The wizard closely misses you.
Unknown command.
Casting: Sandblast (safe; 1% risk of failure)
Confirm with . or Enter, or press ? or * to list all spells.
Aiming: Sandblast (safe; 1% risk of failure)
Press: ? - help, Shift-Dir - straight line, f/p - wizard
Aim: a wizard, wielding a +0 dagger and wearing a +0 robe (almost dead, 76% to hit)
The blast of sand hits the wizard.
You kill the wizard!
The ufetubus barely misses you. The ufetubus misses you. The ufetubus hits you.
You die...

▓▓▓▓▓▓ ▓▓▓ .#...#### ##.#
.#......#####..#
##.......#..#..#
.##.##...#..#..###+#+###+##
.##.###..##'#..#..........#
####.##..###...'.⌠........#
##..##..####...#@..######+#
....##..###....#)5.#
#..##...##.....#...#
..##....#÷.....#5###
.###..##.#.....#K5 .#
#..#####....#__ ▓▓ ▓▓▓▓
▓▓▓▓▓▓▓▓


You could see a kobold demonologist, an iron imp (summoned), a quasit (summoned)
and an ufetubus (summoned).

Vanquished Creatures
  A water elemental (D)
  A wizard (D)
  A human (D)
  A phantom (D)
  An endoplasm (D)
  3 rats (D)
8 creatures vanquished.

Notes
Turn   | Place    | Note
-------+----------+-------------------------------------------
     0 | D        | Groucho the Spriggan Earth Elementalist began the quest for
                  | the Orb.
     0 | D        | Reached XP level 1. HP: 9/9 MP: 5/5
   142 | D        | Reached skill level 1 in Conjurations
   438 | D        | Reached XP level 2. HP: 13/13 MP: 0/7
   666 | D        | Noticed a water elemental
   694 | D        | Killed a water elemental
   695 | D        | Reached skill level 5 in Dodging
   695 | D        | Reached skill level 5 in Earth Magic
   695 | D        | Reached XP level 3. HP: 16/16 MP: 3/10
   695 | D        | Reached XP level 4. HP: 21/21 MP: 3/11
   699 | D        | Learned a level 3 spell: Stone Arrow
   704 | D        | Learned a level 4 spell: Petrify
   737 | D        | Found a radiant altar of Vehumet.
   740 | D        | Found a shimmering blue altar of Sif Muna.
   740 | D        | Noticed a wizard
   746 | D        | Killed a wizard
   746 | D        | Slain by an ufetubus

Illustrated notes

Levels and vault maps discovered:
D:        dungeon_sprint_mu [sprint_mu_entry_cave, sprint_mu_temple_rooms,
          sprint_mu_d1_horrors, sprint_mu_d2_genie, sprint_mu_d3_branching,
          sprint_mu_orc_legion, sprint_mu_elf_gauntlet, sprint_mu_hive_nellie,
          sprint_mu_lair_fedhas, sprint_mu_vaults_butterflies,
          sprint_mu_slime_circle, sprint_mu_swamp_cave, sprint_mu_snake_twists,
          sprint_mu_blade_basic, sprint_mu_crypt_fortress,
          sprint_mu_tomb_spiral, sprint_mu_vestibule_basic,
          sprint_mu_gehenna_hellfire, sprint_mu_dis_giant,
          sprint_mu_tartarus_statrot, sprint_mu_cocytus_islands, sprint_mu_zot1]

Skill      XL: |  1  2 |
---------------+-------+-----
Dodging        | 3 5 |  5.1
Earth Magic    | 3 5 |  5.1
Spellcasting   | 3 4 |  4.8
Conjurations   | 2 3 |  3.4
Stealth        | |  3.0
Transmutations | |  1.3

Action                   |  1- 3 |  4- 6 || total
-------------------------+-------+-------++-------
Melee: Unarmed           |     1 |       ||     1
 Cast: Sandblast         |    24 |     5 ||    29
  Use: Potion            |       |     1 ||     1
Dodge: Dodged            |     8 |     4 ||    12
